 Dungeon Crawl Stone Soup version 0.28.0-1-gb440e238dd (webtiles) character file.

Game seed: 1305106968383382163

8050 issech the Cleaver (level 11, -2/94 HPs)
             Began as a Troll Monk on Feb 20, 2022.
             Was a Priest of Hepliaklqana.
             Slain by a manticore (19 damage)
             ... on level 10 of the Dungeon on Feb 21, 2022.
             The game lasted 01:01:19 (8947 turns).

issech the Cleaver (Troll Monk)                     Turns: 8947, Time: 01:01:19

Health: -2/94      AC:  9    Str: 27    XL:     11   Next: 4%
Magic:  10/10      EV: 12    Int:  6    God:    Hepliaklqana [***...]
Gold:   520        SH:  5    Dex: 16    Spells: 10/10 levels left

rFire   + . .      SeeInvis .   C - +7 hand axe of the Slashing Dragonfly {venom, rPois rN+}
rCold   . . .      Faith    .   (no shield)
rNeg    + + .      Spirit   .   Z - +0 acid dragon scales
rPois   +          Reflect  +   (helmet restricted)
rElec   .          Harm     .   O - +0 cloak
rCorr   +          Rampage  .   (gloves unavailable)
Will    .....                   (boots unavailable)
Stlth   ++........              d - amulet of reflection
HPRegen 1.05/turn               g - ring of Zusoll {rF+ Str+6}
MPRegen 0.12/turn               X - ring of positive energy

@: no status effects
A: reduced essence, large, unfitting armour, claws 3, regeneration 1, shaggy fur
1, tough skin 1
a: Renounce Religion, Recall Ancestor, Ancestor Identity, Transference


You were on level 10 of the Dungeon.
You worshipped Hepliaklqana.
Hepliaklqana was most pleased with you.
You visited 2 branches of the dungeon, and saw 11 of its levels.
You also visited: Sewer.

You collected 574 gold pieces.
You spent 54 gold pieces at shops.

Inventory:

Hand Weapons
 n - the +6 Majin-Bo {vamp, MP+6 Int+6}
   (You found it on level 2 of the Dungeon)

   It occasionally heals its wielder for a portion of the damage dealt when they
   wound a living foe with it or with a spell.
   Its wielder's spells cost health as well as magical power.
   Int:       It affects your intelligence (+6).
   MP:        It affects your magic capacity (+6).
 B - the +6 battleaxe "Fepsaihi" {drain, *Corrode +Blink rElec rN+}
   (You found it on level 4 of the Dungeon)

   A truly terrible weapon, it drains the life of any living foe it strikes.
   rElec:     It insulates you from electricity.
   rN:        It protects you from negative energy.
   +Blink:    It lets you blink.
   *Corrode:  It may corrode you when you take damage.
 C - the +7 hand axe of the Slashing Dragonfly (weapon) {venom, rPois rN+}
   (You found it on level 5 of the Dungeon)

   It poisons the flesh of those it strikes.
   rPois:     It protects you from poison.
   rN:        It protects you from negative energy.
 F - a +1 vorpal giant spiked club
 G - a +3 morningstar
 N - a +0 arbalest
Missiles
 c - 65 sling bullets
 i - 214 stones (quivered)
 k - 124 arrows
 r - 47 bolts
 v - a throwing net
 y - 53 poisoned darts
 I - 2 curare-tipped darts
 P - 5 atropa-tipped darts
Armour
 O - a +0 cloak (worn)
 R - a +0 troll leather armour
 Z - +0 acid dragon scales (worn)
Magical Staves
 b - a staff of earth
Jewellery
 d - an amulet of reflection (around neck)
 g - the ring of Zusoll (left claw) {rF+ Str+6}
   (You acquired it on level 5 of the Dungeon)

   [ring of strength]

   Str:       It affects your strength (+6).
   rF:        It protects you from fire.
 z - an amulet of guardian spirit
 A - a ring of see invisible
 W - the dreamshard necklace {*Dream Drain}
   (You found it on level 8 of the Dungeon)

   [amulet of nothing]

   It shatters if its wearer takes lethal or near-lethal damage, preventing the
   blow and releasing protective dreams that heal and fight for the wearer.
   Drain:     It drains your maximum health when unequipped.
 X - a ring of positive energy (right claw)
Wands
 D - a wand of acid (11)
 L - a wand of flame (39)
 S - a wand of digging (6)
 U - a wand of charming (5)
Scrolls
 a - a scroll of fear
 e - a scroll of magic mapping
 h - a scroll of immolation
 l - a scroll of enchant armour
 m - 2 scrolls of vulnerability
 p - 3 scrolls of teleportation
 w - 3 scrolls of noise
 M - 2 scrolls of enchant weapon
Potions
 f - 6 potions of heal wounds
 j - 2 potions of lignification {unknown}
 o - 2 potions of degeneration
 q - 2 potions of attraction
 s - a potion of mutation {unknown}
 u - 3 potions of curing {unknown}
 x - a potion of brilliance {unknown}
 H - 2 potions of haste {unknown}
 K - 2 potions of might {unknown}
 Q - a potion of resistance {unknown}
 T - a potion of cancellation {unknown}
 Y - 2 potions of magic {unknown}
Miscellaneous
 t - a phantom mirror


   Skills:
 + Level 5.8 Fighting
 + Level 9.2(9.5) Axes
 + Level 3.3(8.0) Maces & Flails
 + Level 4.4(4.9) Staves
 + Level 0.2 Throwing
 + Level 1.7 Armour
 + Level 5.7 Dodging
 + Level 3.6 Stealth
 + Level 3.4 Shields
 + Level 0.2 Evocations


You had 10 spell levels left.
You didn't know any spells.
Your spell library contained the following spells:

 Spells                   Type           Power      Damage    Failure   Level
 Freeze                   Ice            0%         1d3       52%         1
 Summon Small Mammal      Summ           0%         N/A       52%         1
 Ensorcelled Hibernation  Hex/Ice        0%         N/A       67%         2
 Passwall                 Tmut/Erth      0%         N/A       67%         2
 Static Discharge         Conj/Air       0%         N/A       67%         2
 Call Canine Familiar     Summ           0%         N/A       88%         3
 Frozen Ramparts          Ice            0%         1d2       88%         3
 Ignite Poison            Fire/Tmut/Pois 0%         N/A       88%         3
 Mephitic Cloud           Conj/Pois/Air  0%         N/A       88%         3
 Ozocubu's Armour         Ice            0%         N/A       88%         3
 Summon Guardian Golem    Hex/Summ       0%         N/A       88%         3
 Swiftness                Air            0%         N/A       88%         3
 Dispel Undead            Necr           0%         3d6       99%         4
 Hailstorm                Conj/Ice       0%         3d3       99%         4
 Sticky Flame             Conj/Fire      0%         2d3       99%         4
 Blade Hands              Tmut           0%         N/A       100%        5
 Freezing Cloud           Conj/Ice/Air   0%         6-21      100%        5
 Irradiate                Conj/Tmut      0%         3d13      100%        5
 Metabolic Englaciation   Hex/Ice        0%         N/A       100%        5
 Simulacrum               Ice/Necr       0%         N/A       100%        6
 Dragon Form              Tmut           0%         N/A       100%        7


Dungeon Overview and Level Annotations

Branches:
Dungeon (9/15)             Temple (1/1) D:5            Lair (0/6) D:9
  Sewer (visited)
    Orc: D:9-12

Altars:
Ashenzari
Cheibriados
Dithmenos
Elyvilon
Fedhas
Gozag
Hepliaklqana
Kikubaaqudgha
Makhleb
Nemelex Xobeh
Okawaru
Qazlal
Ru
Sif Muna
Trog
Uskayaw
Vehumet
Wu Jian
Xom
Yredelemnul
Zin
The Shining One
Beogh

Shops:
D:7 ([   D:8 !

Annotations:
D:7 2 transporters


Innate Abilities, Weirdness & Mutations

Your life essence is reduced to manifest your ancestor. (-10% HP)
You are too large for most types of armour.
You have claws for hands.
Your natural rate of healing is unusually fast.
You are covered in fur. (AC +1)
You have tough skin. (AC +1)


Message History

The manticore is lightly wounded.
You slash the manticore!
The manticore is moderately wounded.
The manticore bites you but does no damage.
The manticore barely misses you. x2
You closely miss the manticore.
The manticore is moderately wounded.
The manticore bites you.
* * * LOW HITPOINT WARNING * * *
The manticore claws you!
* * * LOW HITPOINT WARNING * * *
The manticore barely misses you.
You feel much better.
You carefully extract the barbed spikes from your body.
The manticore bites you!!
* * * LOW HITPOINT WARNING * * *
The manticore claws you.
* * * LOW HITPOINT WARNING * * *
The manticore claws you!
* * * LOW HITPOINT WARNING * * *
You feel much better. You block the manticore's attack.
The manticore claws you.
* * * LOW HITPOINT WARNING * * *
The manticore claws you but does no damage.
You hit the manticore.
The manticore looks as sick as possible!
The manticore is moderately wounded.
You block the manticore's attack.
The manticore claws you but does no damage. x2
You slash the manticore!
The manticore looks as sick as possible!
The manticore is heavily wounded.
The manticore closely misses you. You block the manticore's attack.
The manticore claws you!
* * * LOW HITPOINT WARNING * * *
You hit the manticore but do no damage.
The manticore looks as sick as possible!
The manticore is severely wounded.
The manticore bites you!!
You die...

#. ...#
#.###...####
#.(.........
#...........
#...........
#...........
#...H.......
#...@.......
#.......(...
#...........
#...........
#...........
#...........
#...........
#.$.....####
#.......#


You could see a manticore (extremely poisoned).

Vanquished Creatures
  A two-headed ogre (D:9)
  3 slime creatures
  A wyvern (D:8)
  Eustachio (D:4)
  2 acid dragons
  A water moccasin (D:7)
  Duvessa (D:7)
  An ice beast (D:5)
  An orc warrior (D:7)
  A black bear (D:5)
  2 hornet zombies
  4 ogres
  2 centaurs
  6 kobold brigands
  2 bullfrogs (D:7)
  A wyvern zombie (D:8)
  3 scorpions
  11 killer bees
  4 wights (D:6)
  A howler monkey (D:6)
  A centaur zombie (D:8)
  A bullfrog zombie (D:5)
  A hound (D:5)
  2 orc priests
  An iguana (D:6)
  Jessica (D:2)
  An orc wizard (D:3)
  A killer bee zombie (D:6)
  Robin (D:2)
  12 adders
  3 gnolls (D:3)
  A howler monkey skeleton (D:4)
  A river rat (Sewer)
  An adder skeleton (D:4)
  8 worms
  5 dart slugs
  19 orcs
  6 ball pythons
  14 endoplasms
  5 giant cockroaches
  17 goblins
  4 hobgoblins
  A quokka (D:2)
  2 bats
  4 frilled lizards
  15 kobolds
  9 rats
186 creatures vanquished.

Vanquished Creatures (collateral kills)
  2 two-headed ogres
  A slime creature (D:7)
  2 trolls
  A hornet (D:6)
  3 vampire mosquitoes (D:8)
  An orc warrior (D:8)
  A black bear (D:5)
  A phantom (D:7)
  A bullfrog (D:8)
  Dowan (D:7)
  3 killer bees
  A bullfrog zombie (D:6)
  An orc priest (D:7)
  2 gnolls (D:6)
  2 adders
  A river rat (Sewer)
  An ufetubus (D:7)
  3 worms (Sewer)
  3 orcs
  5 kobolds
  2 rats (Sewer)
38 creatures vanquished.

Vanquished Creatures (others)
  A kobold brigand (D:4)
  3 battlemagi
4 creatures vanquished.

Grand Total: 228 creatures vanquished

Notes
Turn   | Place    | Note
-------+----------+-------------------------------------------
     0 | D:1      | issech the Troll Monk began the quest for the Orb.
     0 | D:1      | Reached XP level 1. HP: 22/22 MP: 0/0
    83 | D:1      | Found a faded altar of an unknown god.
   191 | D:1      | Reached XP level 2. HP: 29/29 MP: 1/1
   718 | D:2      | Found an opulent altar of Gozag.
   730 | D:2      | Found the +6 Majin-Bo {vamp, MP+6 Int+6}
   824 | D:2      | Reached XP level 3. HP: 36/36 MP: 2/2
   846 | D:2      | Noticed Jessica
   847 | D:2      | Noticed Robin
   910 | D:2      | Killed Robin
   915 | D:2      | Killed Jessica
   916 | D:2      | Reached XP level 4. HP: 44/44 MP: 3/3
  1027 | D:2      | Reached skill level 1 in Staves
  1817 | D:3      | Found a glowing silver altar of Zin.
  1930 | D:3      | Reached XP level 5. HP: 31/53 MP: 4/4
  2163 | D:3      | Reached skill level 1 in Shields
  2238 | D:3      | Reached XP level 6. HP: 61/61 MP: 5/5
  3090 | D:4      | Reached XP level 7. HP: 46/67 MP: 6/6
  3136 | D:4      | Noticed Eustachio
  3142 | D:4      | Killed Eustachio
  3185 | D:4      | Identified the +6 battleaxe "Fepsaihi" {drain, *Corrode
                  | +Blink rElec rN+}
  3429 | D:5      | Entered Level 5 of the Dungeon
  3583 | D:5      | Reached skill level 1 in Axes
  3639 | D:5      | Identified the +7 hand axe of the Slashing Dragonfly
                  | {venom, rPois rN+}
  3746 | D:5      | Reached skill level 2 in Axes
  3948 | D:5      | Found a staircase to the Ecumenical Temple.
  3962 | Temple   | Entered the Ecumenical Temple
  4461 | Temple   | Became a worshipper of Hepliaklqana the Forgotten
  4461 | Temple   | Reached * piety under Hepliaklqana
  4461 | Temple   | Reached ** piety under Hepliaklqana
  4462 | Temple   | Remembered your ancestor Ara as a battlemage
  4544 | D:5      | Reached XP level 8. HP: 61/70 MP: 7/7
  4549 | D:5      | Noticed a two-headed ogre
  4557 | D:5      | Killed a two-headed ogre
  4558 | D:5      | Reached skill level 4 in Axes
  4681 | D:5      | Identified a scroll of acquirement
  4681 | D:5      | Acquired the ring of Zusoll {rF+ Str+6}
  4800 | D:5      | Reached skill level 5 in Axes
  4820 | D:5      | Reached XP level 9. HP: 26/76 MP: 8/8
  5064 | D:6      | Paralysed by a hornet for 3 turns
  5134 | D:6      | Reached skill level 6 in Axes
  5134 | D:6      | Found a glowing drain.
  5143 | Sewer    | Entered a sewer
  5835 | D:6      | Noticed a two-headed ogre
  5840 | D:6      | Killed a two-headed ogre
  5841 | D:6      | Reached skill level 7 in Axes
  6340 | D:7      | Found Julupp's Armour Boutique.
  6462 | D:7      | Killed a large slime creature
  6463 | D:7      | Reached skill level 5 in Fighting
  6463 | D:7      | Reached skill level 5 in Dodging
  6463 | D:7      | Reached XP level 10. HP: 44/86 MP: 7/9
  6665 | D:7      | Found a transporter.
  6668 | D:7      | Found a transporter.
  6922 | D:7      | Found Karohu's Antique Weapon Boutique.
  6927 | D:7      | Reached *** piety under Hepliaklqana
  6962 | D:7      | Noticed Dowan
  6963 | D:7      | Noticed Duvessa
  6970 | D:7      | Killed Dowan
  6971 | D:7      | Killed Duvessa
  7048 | D:7      | Reached skill level 8 in Axes
  7285 | D:8      | Found the dreamshard necklace {*Dream Drain}
  7847 | D:8      | Found Unokh's Distillery.
  8522 | D:7      | Bought a +0 cloak for 54 gold pieces
  8572 | D:9      | Reached skill level 1 in Armour
  8593 | D:9      | Reached skill level 9 in Axes
  8636 | D:9      | Found a staircase to the Lair.
  8643 | D:9      | Noticed a two-headed ogre
  8652 | D:9      | Killed a two-headed ogre
  8653 | D:9      | Reached XP level 11. HP: 94/94 MP: 10/10
  8930 | D:9      | You fall into a shaft and drop 1 floor!
  8930 | D:10     | Entered Level 10 of the Dungeon
  8947 | D:10     | Slain by a manticore

Illustrated notes

Levels and vault maps discovered:
D:1:      minmay_arrival_four_circles, layout_loops_ring, basic_ecumenical_altar
D:2:      layout_basic, basic_altar, uniq_jessica, uniq_robin
D:3:      layout_basic, zin_academy, saegor_snake_ambush
D:4:      minmay_evil_eye, layout_cave_pools, uniq_eustachio
D:5:      layout_basic, minmay_temple_entry_statues_pillars
D:6:      layout_loops_ring, portal_sewer_entry_d
D:7:      gammafunk_beogh_shrine, layout_basic, serial_curves, eino_curves_04,
          eino_curves_04, serial_shops, nicolae_shop_statue_plus,
          nicolae_take_the_stairs, uniq_duvessa
D:8:      layout_basic, serial_shops, nicolae_square_shop
D:9:      layout_cave_pools, dpeg_oklobed_lair
D:10:     layout_small_grid, orc_0_dummy, grunt_ministairs_8,
          kennysheep_generic_room_14
Temple:   mainiacjoe_temple_starburst

Skill      XL: |  1  2  3  4  5  6  7  8  9 10 |
---------------+-------------------------------+-----
Maces & Flails | 3 |  3.3
Fighting       | 3 4 5 |  5.8
Staves         | 1 2 3 4 |  4.4
Dodging        | 3 4 5 |  5.7
Shields        | 1 2 3 |  3.4
Stealth        | 2 3 |  3.6
Axes           | 2 5 7 9 |  9.2
Armour         | 1 |  1.7
Throwing       | |  0.2
Evocations     | |  0.2

Action                   |  1- 3 |  4- 6 |  7- 9 | 10-12 || total
-------------------------+-------+-------+-------+-------++-------
Melee: Mace              |    52 |       |       |       ||    52
       Quarterstaff      |    45 |   120 |     6 |       ||   171
       Punch             |     2 |       |       |       ||     2
       Battleaxe         |       |       |   124 |    93 ||   217
       Hand axe          |       |       |       |    35 ||    35
Throw: Stone             |       |     2 |     2 |       ||     4
Invok: Ancestor Life: Ba |       |       |     1 |       ||     1
 Abil: Evoke Blink       |       |       |     1 |       ||     1
  Use: Scroll            |       |     6 |     5 |     4 ||    15
       Potion            |       |       |       |     2 ||     2
 Stab: Sleeping          |     3 |     2 |     6 |     1 ||    12
       Distracted        |       |     1 |     5 |       ||     6
Armor: Robe              |    39 |    22 |    22 |     3 ||    86
       Acid dragon scale |       |       |       |    27 ||    27
       Skin              |       |       |       |     7 ||     7
Dodge: Dodged            |    58 |    37 |    56 |    72 ||   223
Block: Other             |    26 |    21 |    30 |    44 ||   121
       Reflection        |       |     2 |     3 |     2 ||     7
